Map: Bridgehead LE (Void)

Players

hotBIGtit

  • Race: Zerg Zerg
  • League: Platinum

ImotoFantasy - Winner!

  • Race: Protoss Protoss
  • League: Platinum

VOD

Have the link to the VOD?

Description

Time

  • Played on: Oct. 30, 2015, midnight
  • Length: 15:01
Show
View Real Time Build Order
Export as new Build Order

hotBIGtit Zerg 

Build Orders: 3 Hatch before Pool 

Get SALT Encoding   

  12  0:07  Overlord  
  12  0:13  Drone  
  13  0:18  Drone  
  14  0:29  Drone  
  14  0:32  Drone  
  16  0:44  Drone  
  17  0:56  Hatchery  
  16  0:58  Drone  
  17  1:21  Hatchery  
  17  1:25  Drone  
  17  1:28  Drone  
  17  1:30  Drone  
  19  1:44  Overlord  
  19  1:52  Drone  
  20  1:58  Drone  
  22  2:08  Drone x2  
  22  2:13  Spawning Pool  
  22  2:20  Drone x2  
  24  2:33  Drone x3  
  27  2:43  Drone x2  
  29  2:44  Drone  
  31  2:51  Drone  
  31  2:52  Drone  
  31  2:54  Drone  
  33  3:00  Queen x2  
  33  3:01  Queen  
  33  3:02  Drone x2  
  41  3:06  Overlord  
  41  3:12  Overlord  
  41  3:14  Drone  
  41  3:17  Drone  
  42  3:26  Drone x2  
  44  3:27  Drone  
  45  3:34  Extractor  
  45  3:35  Drone x2, Extractor x2  
  45  3:37  Extractor  
  43  3:41  Drone  
  43  3:45  Overlord x2  
  45  3:48  Drone  
  45  3:59  Roach Warren  
  45  4:01  Drone x2  
  45  4:02  Drone  
  47  4:07  Drone x2  
  47  4:08  Queen  
  51  4:12  Hatchery, Drone x4  
  51  4:14  Drone  
  51  4:16  Drone  
  56  4:18  Drone  
  56  4:22  Drone x2  
  59  4:25  Metabolic Boost  
  59  4:29  Pneumatized Carapace  
  59  4:51  Drone x3  
  59  4:52  Drone x2  
  64  4:53  Drone x7  
  64  4:54  Drone x2  
  64  4:55  Drone  
  64  4:58  Lair  
  74  5:02  Spore Crawler  
  74  5:03  Spore Crawler  
  74  5:05  Spore Crawler  
  71  5:16  Overlord x3  
  71  5:32  Overlord x2  
  71  5:33  Evolution Chamber  
  71  5:35  Evolution Chamber  
  69  5:38  Overlord  
  69  5:40  Drone x5  
  69  5:41  Drone  
  69  5:42  Drone x2, Extractor  
  76  6:01  Hydralisk Den  
  73  6:09  Spore Crawler  
  73  6:10  Spore Crawler  
  69  6:12  Spore Crawler  
  69  6:13  Spore Crawler  
  69  6:14  Spore Crawler x2  
  69  6:17  Queen  
  69  6:18  Overlord x2  
  65  6:22  Extractor  
  63  6:30  Lurker Den  
  63  6:34  Hydralisk x2  
  63  6:35  Hydralisk x10  
  87  6:41  Zerg Missile Weapons Level 1, Zerg Ground Armor Level 1  
  87  6:43  Hatchery  
  86  6:54  Drone  
  86  6:55  Drone x8  
  86  6:58  Zergling x6  
  86  6:59  Zergling x4  
  86  7:00  Overseer  
  100  7:19  Glial Reconstitution  
  100  7:27  Drone x8  
  100  7:28  Overlord x3  
  100  7:29  Overlord  
  106  7:48  Hydralisk x8  
  122  7:55  Overlord x2  
  122  7:56  Overlord  
  122  8:11  Overlord x3  
  122  8:27  Muscular Augments  
  122  8:30  Spore Crawler, Extractor  
  122  8:31  Spore Crawler, Extractor  
  122  8:33  Drone x4, Queen  
  122  8:34  Spore Crawler, Hydralisk x8  
  123  8:37  Zerg Missile Weapons Level 2  
  139  8:42  Zerg Ground Armor Level 2  
  139  8:46  Infestation Pit  
  138  8:52  Drone  
  138  8:57  Hydralisk x4  
  146  9:10  Nydus Network  
  146  9:15  Overlord x2  
  146  9:16  Hydralisk x4  
  153  9:25  Overseer x2  
  153  9:30  Hydralisk x4  
  161  9:44  Hydralisk x6  
  173  9:57  Hydralisk  
  173  9:58  Hydralisk x4  
  183  10:03  Nydus Canal  
  183  10:05  Hydralisk  
  185  10:07  Hydralisk  
  187  10:19  Hydralisk  
  187  10:20  Hydralisk x4  
  179  10:46  Hydralisk x9  
  144  10:53  Overseer x2  
  144  10:54  Overseer  
  142  11:08  Nydus Canal  
  142  11:17  Hive  
  142  11:22  Hydralisk x9  
  132  12:05  Hydralisk  
  132  12:06  Hydralisk x14  
  162  12:31  Viper x4  
  162  12:32  Viper  
  177  12:50  Nydus Canal  
  174  12:54  Overlord  
  174  12:55  Overlord x3  
  169  13:04  Nydus Canal  
Show
View Real Time Build Order
Export as new Build Order

ImotoFantasy Protoss - Winner!

Build Orders: Nexus First 

Get SALT Encoding   

  12  0:01  Probe (Chrono Boost)  
  13  0:13  Probe (Chrono Boost)  
  14  0:19  Pylon  
  14  0:23  Probe (Chrono Boost)  
  15  0:37  Probe (Chrono Boost)  
  16  0:47  Probe (Chrono Boost)  
  17  0:58  Probe (Chrono Boost)  
  18  1:04  Nexus  
  18  1:09  Probe (Chrono Boost)  
  19  1:19  Gateway  
  19  1:21  Probe (Chrono Boost)  
  20  1:27  Assimilator  
  20  1:31  Assimilator  
  20  1:34  Probe (Chrono Boost)  
  21  1:40  Pylon  
  21  1:44  Probe (Chrono Boost)  
  22  1:55  Probe (Chrono Boost)  
  23  2:05  Probe (Chrono Boost)  
  24  2:08  Cybernetics Core  
  24  2:16  Probe (Chrono Boost)  
  24  2:18  Probe (Chrono Boost)  
  26  2:27  Probe (Chrono Boost)  
  26  2:29  Probe (Chrono Boost)  
  28  2:37  Probe (Chrono Boost)  
  28  2:40  Probe (Chrono Boost)  
  30  2:49  Mothership Core (Chrono Boost)  
  30  2:51  Probe (Chrono Boost)  
  33  3:01  Probe (Chrono Boost)  
  33  3:05  Nexus  
  34  3:07  Probe (Chrono Boost)  
  34  3:09  Pylon  
  34  3:12  Probe (Chrono Boost)  
  36  3:18  Probe (Chrono Boost)  
  37  3:22  Probe (Chrono Boost)  
  38  3:28  Probe (Chrono Boost)  
  38  3:32  Stargate  
  38  3:33  Probe (Chrono Boost)  
  40  3:36  Stargate  
  40  3:39  Probe (Chrono Boost)  
  41  3:43  Probe (Chrono Boost)  
  41  3:46  Assimilator  
  41  3:48  Assimilator  
  42  3:49  Probe (Chrono Boost)  
  42  3:54  Probe (Chrono Boost)  
  44  4:00  Probe (Chrono Boost)  
  44  4:01  Forge  
  45  4:05  Probe (Chrono Boost)  
  46  4:11  Probe (Chrono Boost), Pylon  
  46  4:15  Probe (Chrono Boost)  
  48  4:21  Probe (Chrono Boost)  
  48  4:22  Probe (Chrono Boost)  
  48  4:23  Pylon  
  50  4:25  Zealot  
  50  4:26  Warp Gate  
  50  4:27  Phoenix x2  
  56  4:33  Probe x3 (Chrono Boost)  
  56  4:36  Photon Cannon  
  59  4:43  Probe x2 (Chrono Boost), Photon Cannon  
  59  4:44  Probe (Chrono Boost)  
  62  4:58  Fleet Beacon  
  62  5:03  Phoenix x2  
  62  5:05  Probe x3 (Chrono Boost)  
  69  5:09  Pylon  
  69  5:11  Pylon  
  69  5:17  Assimilator x2  
  69  5:18  Probe x3 (Chrono Boost)  
  72  5:24  Pylon  
  72  5:38  Stargate  
  72  5:41  Stargate  
  72  5:42  Carrier  
  78  5:49  Probe x2 (Chrono Boost)  
  81  5:50  Probe (Chrono Boost)  
  81  6:06  Probe (Chrono Boost), Carrier  
  81  6:07  Probe x2 (Chrono Boost)  
  84  6:15  Carrier  
  84  6:17  Probe x2 (Chrono Boost)  
  98  6:26  Nexus  
  98  6:30  Carrier  
  104  6:39  Pylon x2  
  104  6:44  Pylon  
  104  6:49  Photon Cannon  
  104  6:51  Protoss Air Weapons Level 1 (Chrono Boost), Photon Cannon  
  104  6:59  Graviton Catapult  
  104  7:05  Photon Cannon  
  104  7:07  Photon Cannon  
  104  7:09  Photon Cannon  
  104  7:10  Photon Cannon  
  104  7:13  Pylon  
  110  7:16  Carrier (Chrono Boost)  
  110  7:19  Photon Cannon  
  110  7:20  Photon Cannon  
  110  7:26  Photon Cannon  
  110  7:47  Carrier (Chrono Boost)  
  110  7:48  Carrier (Chrono Boost)  
  122  8:02  Carrier (Chrono Boost)  
  128  8:16  Protoss Air Weapons Level 2, Photon Cannon  
  128  8:17  Photon Cannon  
  128  8:18  Assimilator  
  128  8:19  Pylon  
  128  8:21  Assimilator  
  128  8:30  Pylon  
  128  8:33  Photon Cannon  
  128  8:35  Photon Cannon  
  140  8:50  Carrier (Chrono Boost)  
  140  9:06  Carrier (Chrono Boost)  
  146  9:16  Carrier (Chrono Boost)  
  152  9:21  Carrier (Chrono Boost)  
  158  9:28  Photon Cannon  
  158  9:31  Photon Cannon  
  158  9:35  Photon Cannon  
  158  9:39  Pylon  
  158  9:42  Pylon, Photon Cannon  
  158  10:03  Protoss Shields Level 1  
  164  10:10  Photon Cannon  
  164  10:16  Carrier (Chrono Boost)  
  164  10:18  Photon Cannon  
  164  10:20  Pylon  
  164  10:21  Carrier (Chrono Boost)  
  167  10:58  Photon Cannon x2  
  167  11:00  Photon Cannon  
  167  11:01  Photon Cannon  
  167  11:03  Pylon, Photon Cannon  
  167  11:05  Pylon  
  167  11:10  Pylon  
  167  11:13  Robotics Facility  
  167  11:16  Void Ray x2 (Chrono Boost), Photon Cannon  
  179  11:35  Void Ray (Chrono Boost)  
  177  12:00  Observer  
  178  12:04  Nexus, Pylon  
  178  12:07  Pylon  
  178  12:09  Pylon x2  
  178  12:12  Carrier x3 (Chrono Boost)  
  196  12:24  Photon Cannon  
  196  12:26  Photon Cannon  
  196  12:27  Photon Cannon  
  196  12:30  Photon Cannon  
  196  12:32  Photon Cannon  
  196  12:34  Photon Cannon  
  191  14:26  Pylon  
  191  14:27  Pylon  
  191  14:29  Pylon  
  191  14:34  Photon Cannon  
  191  14:36  Photon Cannon  
  191  14:37  Photon Cannon  
  191  14:38  Pylon  
  191  14:41  Pylon  
Tags
 
Add a new tag
Caveats
  • Supply blocks, unpowered buildings, or Contaminate may cause inaccurate times.
  • Supply counts are checked every 10 seconds.